 Dungeon Crawl Stone Soup version 0.28-a0-1292-gb4563b27b3 (webtiles) character file.

Game seed: 1774648551465950924

2893 DoubleLucky the Ruffian (level 9, -3/92 HPs)
             Began as a Troll Fighter on Dec 27, 2021.
             Was an Initiate of Qazlal.
             Slain by Duvessa (14 damage)
             ... on level 7 of the Dungeon.
             The game lasted 00:20:42 (7321 turns).

DoubleLucky the Ruffian (Troll Fighter)             Turns: 7321, Time: 00:20:43

Health: -3/92      AC:  9    Str: 28    XL:     9   Next: 48%
Magic:  8/8        EV:  9    Int:  6    God:    Qazlal [......]
Gold:   420        SH:  8    Dex:  9    Spells: 8/8 levels left

rFire   + . .      SeeInvis .     - Unarmed
rCold   . . .      Faith    .   b - +0 kite shield
rNeg    . . .      Spirit   .   a - +0 robe
rPois   .          Reflect  .   K - +0 hat
rElec   .          Harm     .   x - +0 cloak
rCorr   .          Rampage  .   (gloves unavailable)
Will    .....                   (boots unavailable)
Stlth   +.........              (no amulet)
HPRegen 1.05/turn               t - +4 ring of protection
MPRegen 0.11/turn               J - ring of protection from fire

@: lethally poisoned (-3 -> -9), studying Maces & Flails
A: large, unfitting armour, claws 3, regeneration 1, shaggy fur 1, tough skin 1
a: Renounce Religion


You were on level 7 of the Dungeon.
You worshipped Qazlal.
Qazlal was noncommittal.
You visited 2 branches of the dungeon, and saw 8 of its levels.

You collected 420 gold pieces.

Inventory:

Missiles
 d - 344 stones
 g - 20 poisoned darts (quivered)
 h - 9 atropa-tipped darts
 r - 4 javelins
 w - 2 throwing nets
 y - 10 boomerangs
Armour
 a - a +0 robe (worn)
 b - a +0 kite shield (worn)
 n - a +0 tower shield
 x - a +0 cloak (worn)
 K - a +0 hat (worn)
Jewellery
 t - a +4 ring of protection (left claw)
 I - a ring of resist corrosion
 J - a ring of protection from fire (right claw)
Wands
 f - a wand of flame (41)
 q - a wand of digging (4)
Scrolls
 e - a scroll of enchant weapon {unknown}
 k - a scroll of vulnerability {unknown}
 l - 3 scrolls of fog
 m - a scroll of enchant armour {unknown}
 o - 2 scrolls of identify
 p - 3 scrolls of teleportation
 u - 3 scrolls of fear
 v - a scroll of magic mapping {unknown}
 z - a scroll of holy word {unknown}
 B - a scroll of summoning {unknown}
 C - a scroll of silence {unknown}
 E - a scroll of noise {unknown}
 F - a scroll of immolation {unknown}
Potions
 c - a potion of might
 i - 2 potions of lignification
 j - 2 potions of curing {unknown}
 s - a potion of mutation {unknown}
 A - a potion of cancellation {unknown}
 D - a potion of degeneration {unknown}
 G - a potion of heal wounds {unknown}
 H - 2 potions of flight {unknown}
 L - 2 potions of haste {unknown}


   Skills:
 + Level 6.6 Fighting
 + Level 2.6 Throwing
 - Level 2.4 Dodging
 + Level 6.6 Shields
 + Level 7.6 Unarmed Combat


You had 8 spell levels left.
You didn't know any spells.
Your spell library contained the following spells:

 Spells                   Type           Power      Damage    Failure   Level
 Beastly Appendage        Tmut           0%         N/A       63%         1
 Ensorcelled Hibernation  Hex/Ice        0%         N/A       77%         2
 Wereblood                Tmut           0%         N/A       77%         2
 Spider Form              Tmut/Pois      0%         N/A       94%         3
 Fulminant Prism          Conj/Hex       0%         3d6       100%        4
 Iskenderun's Mystic Bla  Conj/Tloc      0%         2d3       100%        4
 Lee's Rapid Deconstruct  Erth           0%         3d5*      100%        5


Dungeon Overview and Level Annotations

Branches:
Dungeon (7/15)             Temple (1/1) D:7

Altars:
Ashenzari
Cheibriados
Dithmenos
Elyvilon
Fedhas
Gozag
Hepliaklqana
Makhleb
Nemelex Xobeh
Okawaru
Qazlal
Ru
Trog
Vehumet
Wu Jian
Xom
Yredelemnul
Zin
The Shining One

Annotations:
D:7 Duvessa


Innate Abilities, Weirdness & Mutations

You are too large for most types of armour.
You have claws for hands.
Your natural rate of healing is unusually fast.
You are covered in fur. (AC +1)
You have tough skin. (AC +1)


Message History

You throw a poisoned dart. The poisoned dart hits Duvessa.
Duvessa is poisoned.
Throw: 21 darts (poison)
Press: ? - help, Q - select action, (/) - cycle Shift-Dir - straight line, f/p - Duvessa
Aim: Duvessa, wielding a +6 rapier of venom and wearing a +0 leather armour of willpower (berserk, poisoned, 63% to hit)
You throw a poisoned dart.
The poisoned dart closely misses Duvessa.
Duvessa hits you with a +6 rapier of venom.
You scratch Duvessa.
Duvessa is lightly wounded.
Duvessa hits you with a +6 rapier of venom!
You mangle Duvessa!!
Duvessa is heavily wounded.
Duvessa hits you with a +6 rapier of venom!!
You are poisoned.
You barely miss Duvessa.
Duvessa is heavily wounded.
You feel extremely sick. You block Duvessa's attack. x2
You feel very sick.
You barely miss Duvessa.
Duvessa is heavily wounded.
You feel very sick. Duvessa hits you but does no damage.
You mangle Duvessa!!
Duvessa is almost dead.
You feel very sick.
Duvessa hits you with a +6 rapier of venom.
You are more poisoned.
You block Duvessa's attack.
You barely miss Duvessa.
Duvessa is almost dead.
You feel very sick.
Duvessa hits you with a +6 rapier of venom!!
* * * LOW HITPOINT WARNING * * *
You completely miss Duvessa.
Duvessa is almost dead.
You feel very sick.
Duvessa looks more healthy.
Duvessa hits you with a +6 rapier of venom!
You die...

#..#...####..# # ##)##.## #..#
#####.#### #.## ##.....# ##.#
#..###.## #..# # #.......#
#..# #### #.8.8.8.# #..#
######...
#..⌠.⌠..######.#######........
#.8.>.8.##(.e@................
#..⌠.⌠(.(...####..............
#
#.8.8[8((....#####............
## #....((.......#
##........... .#
####.(........## #...........
.# ##............#
#...........
.####.............#
#...........
<.................#
#...........
e####.............##
#...........


You could see Duvessa (berserk).

Vanquished Creatures
  A two-headed ogre (D:5)
  A komodo dragon (D:7)
  Grinder (D:4)
  Menkaure (D:7)
  A sky beast (D:7)
  2 ice beasts
  An orc warrior (D:6)
  A necrophage (D:4)
  2 black bears
  3 ogres
  A centaur (D:5)
  The ghost of niknal the Changer, an amateur OpTm (D:3)
  A bullfrog (D:6)
  A wyvern skeleton (D:5)
  Dowan (D:7)
  A howler monkey (D:7)
  A centaur zombie (D:5)
  2 centaur skeletons
  3 hounds
  An orc priest (D:5)
  A jelly (D:7)
  A bullfrog skeleton (D:5)
  2 orc wizards
  A killer bee zombie (D:6)
  4 gnolls (D:5)
  A howler monkey skeleton (D:6)
  3 adders (D:5)
  A white imp (D:6)
  5 worms
  A dart slug (D:3)
  9 orcs
  3 ball pythons
  2 bats (D:3)
  5 endoplasms
  4 giant cockroaches
  7 goblins
  6 hobgoblins
  2 jackals (D:1)
  5 quokkas
  9 frilled lizards
  A jackal skeleton (D:4)
  8 kobolds
  6 rats
114 creatures vanquished.

Vanquished Creatures (others)
  A fungus (D:1)
  19 plants (D:5)
  5 toadstools (D:1)
25 creatures vanquished.

Grand Total: 139 creatures vanquished

Notes
Turn   | Place    | Note
-------+----------+-------------------------------------------
     0 | D:1      | DoubleLucky the Troll Fighter began the quest for the Orb.
     0 | D:1      | Reached XP level 1. HP: 22/22 MP: 0/0
   181 | D:1      | Reached XP level 2. HP: 29/29 MP: 1/1
   622 | D:1      | Reached XP level 3. HP: 36/36 MP: 2/2
  1305 | D:2      | Reached skill level 3 in Unarmed Combat
  1305 | D:2      | Reached XP level 4. HP: 31/45 MP: 3/3
  1695 | D:3      | Found a runed translucent door.
  1700 | D:3      | Noticed niknal's ghost (amateur OpTm)
  1709 | D:3      | Killed niknal's ghost
  1710 | D:3      | Reached XP level 5. HP: 39/53 MP: 4/4
  1768 | D:3      | Found an iron altar of Okawaru.
  2217 | D:4      | Noticed a necrophage
  2230 | D:4      | Killed a necrophage
  2285 | D:4      | Noticed an ogre
  2305 | D:4      | Killed an ogre
  2306 | D:4      | Reached skill level 4 in Unarmed Combat
  2306 | D:4      | Reached XP level 6. HP: 62/62 MP: 5/5
  3031 | D:4      | Noticed Grinder
  3044 | D:4      | Paralysed by Grinder for 4 turns
  3062 | D:4      | Killed Grinder
  3063 | D:4      | Reached XP level 7. HP: 71/71 MP: 6/6
  3153 | D:4      | Found a bloodstained altar of Trog.
  3446 | D:5      | Entered Level 5 of the Dungeon
  3792 | D:5      | Reached skill level 5 in Unarmed Combat
  4032 | D:5      | Found a radiant altar of Vehumet.
  4101 | D:5      | Found a hazy altar of Hepliaklqana.
  4126 | D:5      | Noticed a two-headed ogre
  4191 | D:5      | Killed a two-headed ogre
  4192 | D:5      | Reached skill level 5 in Fighting
  4192 | D:5      | Reached skill level 5 in Shields
  4192 | D:5      | Reached skill level 6 in Unarmed Combat
  4192 | D:5      | Reached XP level 8. HP: 71/81 MP: 7/7
  5001 | D:6      | Found a glowing silver altar of Zin.
  5033 | D:6      | Found a shadowy altar of Dithmenos.
  5137 | D:6      | Reached skill level 7 in Unarmed Combat
  5137 | D:6      | Reached XP level 9. HP: 89/89 MP: 8/8
  5212 | D:6      | Reached skill level 1 in Throwing
  5740 | D:7      | Found a staircase to the Ecumenical Temple.
  5752 | Temple   | Entered the Ecumenical Temple
  6127 | Temple   | Became a worshipper of Qazlal Stormbringer
  6406 | D:7      | Found a glowing golden altar of the Shining One.
  6459 | D:7      | Noticed a komodo dragon
  6479 | D:7      | Killed a komodo dragon
  6972 | D:7      | Noticed Menkaure
  6981 | D:7      | Killed Menkaure
  7184 | D:7      | Noticed Dowan
  7184 | D:7      | Noticed Duvessa
  7308 | D:7      | Killed Dowan
  7321 | D:7      | Slain by Duvessa

Illustrated notes

Levels and vault maps discovered:
D:1:      roderic_crossed_star, layout_basic, minmay_gold_behind_fungi,
          hangedman_decor_opposing
D:2:      layout_rooms
D:3:      layout_loops_ring, mainiacjoe_overflow_paths,
          ebering_ghost_reflecting_pool, nicolae_figureground_sparkle
D:4:      layout_gridville, trog_hazing_becter, uniq_grinder
D:5:      layout_basic, lemuel_tele_altar, nicolae_hepliaklqana_hazy_memory,
          serial_bayou_pond_c, minivault_23, nrook_pool_corridor,
          minmay_manual_monolith
D:6:      layout_basic, lemuel_doored_altar, nicolae_dithmenos_shadow_blocks,
          minmay_liquid_box, chequers_serial_rivers_small_b,
          nicolae_water_bricks
D:7:      layout_cave_pods, nicolae_tso_carved_into_rock,
          minmay_temple_entry_statues_fountains, uniq_menkaure, uniq_duvessa
Temple:   minmay_temple_forest_path

Skill      XL: |  1  2  3  4  5  6  7  8  9 |
---------------+----------------------------+-----
Fighting       | 3 4 5 6 |  6.6
Shields        | 3 4 5 6 |  6.6
Unarmed Combat | 3 4 6 7 |  7.6
Throwing       | 2 |  2.6
Dodging        | |  2.4

Action                   |  1- 3 |  4- 6 |  7- 9 || total
-------------------------+-------+-------+-------++-------
Melee: Unarmed           |   103 |    76 |   176 ||   355
       Punch             |       |     1 |       ||     1
Throw: Stone             |    28 |    41 |    46 ||   115
       Dart              |       |    19 |    55 ||    74
  Use: Scroll            |       |     2 |     3 ||     5
Armor: Robe              |    28 |    19 |    76 ||   123
Dodge: Dodged            |    40 |    25 |    74 ||   139
Block: Kite shield       |       |     3 |    71 ||    74

Table legend: (Time is in decaauts)
 A = Elapsed time spent in this place.
 B = Non-inter-level travel time spent in this place.
 C = Inter-level travel time spent in this place.
 D = Time resting spent in this place.
 E = Time spent auto-exploring this place.
 F = Levels seen in this place.
 G = Mean time per level.
                   A        B        C        D        E       F      G
               +--------+--------+--------+--------+--------+-----+--------+
         Total |   7346 |   7048 |    298 |    314 |   5030 |   8 |  918.2 |
       Dungeon |   6927 |   6671 |    256 |    314 |   4669 |   7 |  989.6 |
        Temple |    418 |    376 |     42 |      0 |    361 |   1 |  418.0 |
               +--------+--------+--------+--------+--------+-----+--------+

Top non-repeatable levels by time:
     D:4: 1309 daAuts
     D:5: 1201 daAuts
     D:7: 1188 daAuts
     D:6: 1087 daAuts
     D:1: 963 daAuts
     D:3: 627 daAuts
     D:2: 550 daAuts
  Temple: 418 daAuts
